AoeStats
← kV0t3

Arabia

508099801Analyzed
3v3 RM · 10d ago on Sep 20, 2026· 34m 12s· 6 players
Game mode
Random Map
Map size
Normal (6 player)
Population
200
Speed
Normal
Resources
Standard
Victory
Conquest
Starting age
Dark Age
Ending age
Imperial Age
RankedLock teamsTeams togetherTeam positionsShared explorationLock speedFull tech treeHidden civsTurbo modeCheats
Victory
Defeat
🇵🇪 Khmer · Peru
1413
+16
🇵🇪 Mongols · Peru
1404
+16
🇵🇪 Ethiopians · Peru
1399
+16
🇦🇷 Ethiopians · Argentina
1419
-17
🇦🇷 Burgundians · Argentina
1412
-16
🇦🇷 Maya · Argentina
1378
-15
[@LLNET]ZADBACK
5:57 Double-Bit Axe
6:40 Loom
9:26 Feudal Age
9:18 Horse Collar
11:12 Bow Saw
23:03 Scale Barding Armor
28:59 Wheelbarrow
32:21 Castle Age
30:55 Heavy Plow
31:55 Forging
31:44 Gold Mining
32:28 Scale Mail Armor
34:41 Two-Man Saw
kV0t3
0:26 Loom
8:57 Feudal Age
16:30 Double-Bit Axe
20:14 Wheelbarrow
22:42 Castle Age
22:30 Fletching
22:42 Padded Archer Armor
23:36 Bow Saw
24:36 Wheelbarrow
23:59 Elite Skirmisher
25:35 Bodkin Arrow
27:02 Crossbowman
ZIZOU
6:55 Loom
10:14 Feudal Age
10:45 Double-Bit Axe
15:10 Fletching
26:54 Castle Age
27:03 Gold Mining
27:00 Crossbowman
28:41 Horse Collar
Caramandunga robada
0:26 Loom
9:16 Feudal Age
9:49 Double-Bit Axe
14:40 Fletching
14:50 Padded Archer Armor
16:27 Padded Archer Armor
19:10 Horse Collar
20:06 Gold Mining
27:43 Castle Age
28:45 Bow Saw
28:55 Bodkin Arrow
29:15 Leather Archer Armor
29:19 Bloodlines
29:19 Heavy Plow
29:09 Elite Skirmisher
31:39 Wheelbarrow
32:16 Ballistics
Leo
9:27 Feudal Age
12:57 Loom
13:33 Horse Collar
16:26 Scale Barding Armor
19:10 Double-Bit Axe
22:48 Forging
32:22 Castle Age
32:55 Bloodlines
32:24 Light Cavalry
33:06 Husbandry
33:36 Chain Barding Armor
LE | Andreu
5:27 Loom
10:40 Feudal Age
11:37 Double-Bit Axe
16:04 Fletching
27:31 Castle Age
27:37 Crossbowman
28:13 Bodkin Arrow
29:44 Padded Archer Armor
29:55 Bow Saw
29:25 Horse Collar
30:47 Ballistics
31:17 Leather Archer Armor
Connection lost

Rejoining the realm…

Still unreachable

The connection could not be restored.

Session expired

The server has moved on; the page needs a fresh start.